Map: Terrassen von Prion

Players

fragleader - Winner!

  • Race: Protoss Protoss
  • League: Silver

MMagic

  • Race: Terran Terran
  • League: Silver

VOD

Have the link to the VOD?

Description

Time

  • Played on: Dec. 12, 2015, 7:56 a.m.
  • Length: 30:44
Show
View Real Time Build Order
Export as new Build Order

fragleader Protoss - Winner!

Build Orders:  

Get SALT Encoding   

  12  0:01  Probe (Chrono Boost)  
  13  0:11  Probe (Chrono Boost)  
  14  0:20  Pylon  
  14  0:22  Probe (Chrono Boost)  
  15  0:38  Probe (Chrono Boost)  
  15  0:41  Gateway  
  16  0:49  Probe (Chrono Boost)  
  17  0:55  Assimilator  
  17  0:59  Probe (Chrono Boost)  
  17  1:04  Pylon  
  18  1:10  Probe (Chrono Boost)  
  19  1:20  Probe (Chrono Boost)  
  20  1:31  Probe (Chrono Boost)  
  21  1:36  Cybernetics Core  
  21  1:37  Assimilator  
  21  1:42  Probe (Chrono Boost), Pylon  
  21  1:44  Zealot  
  24  1:53  Probe (Chrono Boost)  
  25  2:01  Gateway  
  25  2:04  Probe (Chrono Boost)  
  26  2:12  Warp Gate (Chrono Boost)  
  26  2:14  Mothership Core (Chrono Boost)  
  28  2:34  Probe  
  29  2:42  Nexus  
  29  2:50  Pylon  
  29  2:51  Probe  
  30  3:03  Probe  
  31  3:14  Stalker  
  31  3:18  Sentry  
  31  3:19  Probe  
  36  3:31  Probe  
  37  3:41  Pylon  
  37  3:43  Probe  
  38  3:51  Sentry, Stalker  
  42  3:57  Probe  
  42  3:59  Probe  
  44  4:03  Assimilator  
  44  4:07  Robotics Facility, Assimilator  
  44  4:08  Probe  
  45  4:11  Probe  
  45  4:18  Probe  
  45  4:23  Probe  
  47  4:29  Probe  
  47  4:30  Pylon  
  48  4:32  Pylon  
  48  4:35  Probe  
  49  4:39  Probe  
  50  4:46  Forge  
  50  4:47  Probe  
  50  4:48  Stalker, Zealot  
  50  4:52  Probe  
  55  4:58  Observer  
  57  5:00  Probe  
  58  5:07  Probe  
  58  5:11  Pylon  
  58  5:12  Adept  
  58  5:13  Adept  
  63  5:16  Probe  
  63  5:19  Protoss Ground Armor Level 1 (Chrono Boost)  
  63  5:20  Probe  
  65  5:33  Immortal  
  69  5:35  Stalker  
  69  5:36  Stalker  
  69  5:42  Probe x2  
  74  5:44  Gateway  
  75  5:52  Probe  
  75  5:54  Probe  
  77  6:03  Probe  
  77  6:06  Pylon  
  78  6:12  Warp Prism (Chrono Boost)  
  80  6:22  Stalker x2  
  76  7:08  Stalker  
  76  7:09  Stalker  
  76  7:10  Probe  
  76  7:11  Probe  
  82  7:20  Probe  
  82  7:21  Immortal (Chrono Boost)  
  87  7:23  Probe  
  87  7:28  Nexus  
  88  7:30  Pylon  
  88  7:33  Pylon  
  88  7:35  Assimilator  
  88  7:40  Assimilator  
  88  7:44  Protoss Ground Weapons Level 1 (Chrono Boost)  
  88  7:45  Forge  
  88  7:50  Nexus  
  88  7:52  Pylon  
  88  7:54  Pylon  
  88  7:55  Adept x2  
  88  7:56  Pylon  
  92  8:07  Gateway  
  92  8:21  Zealot x2  
  92  8:22  Zealot  
  92  8:25  Probe  
  92  8:26  Probe  
  100  8:47  Probe  
  100  8:48  Probe x2  
  101  9:00  Photon Cannon  
  101  9:01  Photon Cannon  
  101  9:04  Probe x2, Photon Cannon  
  101  9:05  Probe  
  101  9:08  Pylon  
  104  9:10  Pylon  
  104  9:11  Probe  
  104  9:12  Assimilator  
  104  9:14  Probe, Assimilator  
  104  9:15  Immortal  
  110  9:23  Twilight Council  
  110  9:26  Robotics Bay  
  110  9:27  Zealot x4  
  110  9:28  Robotics Facility  
  118  9:38  Probe x2  
  118  9:39  Probe  
  121  9:56  Zealot x3  
  121  9:57  Zealot  
  129  10:12  Probe  
  129  10:13  Probe  
  127  10:19  Probe x2  
  123  10:23  Colossus  
  123  10:24  Colossus  
  123  10:27  Stalker  
  123  10:28  Stalker x2  
  136  10:37  Gateway  
  136  10:39  Gateway  
  134  10:43  Gateway  
  134  10:49  Probe x2  
  130  10:50  Probe  
  130  10:55  Photon Cannon  
  133  11:01  Photon Cannon  
  133  11:13  Probe, Photon Cannon  
  133  11:14  Probe  
  133  11:15  Probe, Photon Cannon  
  133  11:17  Stalker x2, Sentry, Zealot  
  144  11:22  Protoss Ground Weapons Level 2 (Chrono Boost)  
  144  11:25  Charge  
  144  11:29  Protoss Ground Armor Level 2 (Chrono Boost)  
  144  11:42  Zealot  
  144  11:43  Zealot x4  
  152  12:01  Colossus  
  152  12:02  Colossus  
  152  12:05  Probe  
  152  12:07  Probe  
  166  12:20  Zealot x2  
  166  12:21  Stalker  
  166  12:22  Stalker, Sentry  
  174  12:24  Stalker  
  174  12:29  Nexus  
  178  12:31  Pylon  
  178  12:33  Pylon  
  178  12:37  Pylon  
  178  12:40  Probe, Pylon  
  178  12:41  Probe  
  180  12:46  Sentry, Adept  
  180  12:47  Zealot  
  186  12:53  Pylon  
  186  12:55  Pylon  
  186  12:57  Pylon  
  186  13:02  Photon Cannon  
  186  13:06  Photon Cannon  
  186  13:08  Photon Cannon  
  186  13:12  Photon Cannon  
  186  13:14  Photon Cannon  
  186  13:16  Assimilator  
  186  13:18  Zealot x2, Assimilator  
  186  13:19  Zealot x3  
  190  13:34  Zealot x2  
  190  13:35  Zealot  
  192  13:48  Stalker x3  
  192  13:49  Stalker  
  192  13:51  Probe  
  192  13:52  Probe  
  192  13:53  Probe  
  199  14:00  Probe  
  199  14:02  Probe  
  198  14:05  Probe  
  200  14:18  Extended Thermal Lance (Chrono Boost)  
  200  14:24  Protoss Ground Weapons Level 3  
  200  14:38  Protoss Ground Armor Level 3  
  184  15:16  Stalker x5  
  126  15:36  Zealot x2  
  118  15:42  Zealot  
  118  15:43  Zealot x4  
  118  15:45  Disruptor  
  118  15:46  Disruptor  
  134  15:52  Templar Archives  
  134  16:01  Stalker, Zealot  
  138  16:04  Sentry x2  
  138  16:05  Sentry x2  
  146  16:14  Zealot  
  146  16:17  Psionic Storm, Disruptor (Chrono Boost)  
  147  16:22  Disruptor (Chrono Boost)  
  153  16:33  Probe  
  154  16:42  Stalker x2  
  154  16:43  High Templar x2  
  154  16:44  Sentry, Zealot  
  166  16:51  Archon  
  166  16:57  Nexus  
  166  16:59  Pylon  
  150  17:01  Pylon  
  150  17:04  Assimilator  
  150  17:07  Stalker  
  150  17:08  High Templar  
  150  17:09  High Templar x3, Assimilator  
  150  17:11  Probe x3  
  150  17:12  Pylon  
  150  17:15  Pylon  
  161  17:28  Zealot x2  
  165  17:56  Stalker  
  165  17:57  Stalker x4  
  165  17:58  Sentry, Zealot  
  179  18:26  Sentry x4  
  179  18:27  Zealot x2  
  139  19:01  Protoss Shields Level 1  
  131  19:07  Stalker  
  131  19:08  Stalker x5  
  143  19:12  Immortal (Chrono Boost)  
  143  19:13  Immortal (Chrono Boost)  
  143  19:45  Sentry, Stalker, Zealot x3  
  147  19:46  Stalker x2  
  153  19:53  Immortal (Chrono Boost), Blink (Chrono Boost)  
  153  19:55  Mothership Core  
  153  19:58  Immortal, Nexus  
  163  20:12  Zealot  
  163  20:13  Zealot  
  167  20:15  Zealot x4  
  161  21:09  Zealot  
  161  21:10  Zealot x6  
  159  21:20  Pylon  
  159  21:22  Pylon  
  159  21:24  Pylon  
  159  21:27  Assimilator  
  159  21:32  Assimilator  
  163  21:33  Immortal x2 (Chrono Boost)  
  164  21:48  Stalker x5  
  164  21:49  Stalker x2  
  148  22:38  Stalker x4  
  148  22:39  Stalker x3  
  148  22:42  Immortal (Chrono Boost)  
  148  22:43  Immortal (Chrono Boost)  
  164  23:00  Probe x3  
  164  23:01  Probe  
  164  23:04  Protoss Shields Level 2  
  168  23:08  Photon Cannon  
  168  23:10  Photon Cannon  
  168  23:12  Photon Cannon  
  168  23:15  Photon Cannon  
  168  23:18  Photon Cannon  
  168  23:19  Observer (Chrono Boost)  
  169  23:21  Warp Prism (Chrono Boost)  
  169  23:26  Resonating Glaives  
  171  23:33  Stargate  
  171  23:35  Stargate  
  171  23:53  Zealot x4  
  171  23:54  Zealot x3  
  120  24:28  Stalker x2  
  120  24:29  Stalker x5  
  126  24:40  Immortal (Chrono Boost)  
  126  24:41  Immortal (Chrono Boost)  
  126  24:42  Void Ray x2  
  142  24:52  Protoss Air Weapons Level 1  
  142  24:56  Zealot  
  142  24:57  Zealot x6  
  156  25:03  Nexus  
  156  25:06  Pylon  
  155  25:08  Assimilator  
  155  25:09  Pylon  
  155  25:12  Pylon, Assimilator  
  148  25:23  Pylon  
  148  25:24  Probe x3  
  148  25:28  Stalker x3  
  155  25:29  Sentry x3  
  155  25:30  Zealot  
  155  25:34  Void Ray x2  
  173  25:43  Colossus (Chrono Boost)  
  179  26:02  Photon Cannon  
  179  26:04  Photon Cannon  
  179  26:06  Photon Cannon  
  179  26:08  Stalker, High Templar x2  
  179  26:11  Photon Cannon  
  185  26:13  Zealot x3  
  185  26:14  Zealot  
  185  26:15  Pylon  
  177  27:24  Void Ray  
  177  27:25  Void Ray  
  181  27:45  Zealot  
  181  27:46  Zealot x4  
  181  27:47  Zealot x2  
  111  28:09  Stalker x2  
  111  28:10  Stalker x4  
  111  28:11  Stalker  
  125  28:21  Dark Shrine  
  125  28:23  Probe x3  
  125  28:24  Probe  
  129  28:35  Zealot x3  
  129  28:36  Zealot x4  
  115  28:57  Stalker  
  115  28:58  Stalker x5  
  115  28:59  Stalker  
  127  29:18  Probe x3  
  130  29:29  Zealot x3  
  130  29:30  Zealot x4  
  120  29:56  Stalker x3  
  120  29:57  Stalker x4  
  120  30:09  Immortal x2 (Chrono Boost)  
  130  30:21  Dark Templar x4  
  122  30:22  Dark Templar x3  
Show
View Real Time Build Order
Export as new Build Order

MMagic Terran 

Build Orders: Command Center First (CC), Mech 

Get SALT Encoding   

  12  0:01  SCV  
  13  0:14  SCV  
  14  0:27  Supply Depot, SCV  
  15  0:48  SCV  
  16  0:59  Command Center  
  16  1:01  SCV  
  17  1:16  Barracks  
  17  1:20  SCV  
  18  1:28  Barracks  
  18  1:40  Supply Depot  
  18  1:41  SCV  
  19  1:56  SCV  
  20  2:05  Marine  
  21  2:12  Refinery, Orbital Command  
  21  2:17  Refinery  
  21  2:19  SCV  
  21  2:22  Marine  
  23  2:26  Marine  
  24  2:31  SCV, Bunker  
  25  2:39  SCV  
  26  2:44  SCV, Supply Depot  
  26  2:46  Marine  
  26  2:48  Marine  
  29  2:58  SCV x2  
  31  3:06  Supply Depot, Marine  
  31  3:07  Marine  
  33  3:15  SCV, Supply Depot  
  33  3:19  Orbital Command  
  34  3:26  Barracks Reactor  
  34  3:27  Marine  
  34  3:28  SCV  
  36  3:37  Supply Depot  
  36  3:41  SCV  
  37  3:44  Factory  
  37  3:46  SCV  
  38  3:53  SCV, Reaper  
  40  3:59  SCV  
  41  4:04  Marine  
  41  4:05  SCV, Marine  
  44  4:11  SCV  
  45  4:22  SCV  
  45  4:23  Marine x2  
  48  4:32  SCV  
  48  4:34  SCV  
  48  4:35  Refinery  
  48  4:36  Refinery  
  50  4:41  Engineering Bay  
  50  4:44  SCV, Widow Mine  
  53  4:45  Starport  
  53  4:46  Marine  
  53  4:47  Marine x2  
  56  4:56  SCV x2  
  58  5:08  Marine x3  
  58  5:13  Widow Mine  
  63  5:22  SCV  
  63  5:23  SCV  
  63  5:24  Factory  
  63  5:26  Armory, Factory  
  65  5:39  SCV x2  
  65  5:41  Widow Mine  
  69  5:43  Command Center  
  69  5:46  Missile Turret  
  69  5:50  Missile Turret  
  69  5:51  SCV x2  
  69  5:55  Supply Depot  
  71  5:57  Missile Turret  
  71  6:17  Supply Depot  
  71  6:18  Medivac  
  71  6:19  Factory Tech Lab  
  71  6:20  Factory Reactor  
  71  6:21  Factory Tech Lab  
  72  6:41  Marine x2  
  72  6:42  Bunker  
  72  6:43  Siege Tank, Bunker  
  72  6:45  Siege Tank  
  76  7:03  SCV x2  
  76  7:16  SCV  
  76  7:17  SCV  
  76  7:20  Widow Mine  
  80  7:34  Hellion x2  
  80  7:35  Infernal Pre-Igniter  
  84  7:45  Marine x2  
  84  7:48  Widow Mine, Medivac  
  90  7:53  Terran Vehicle Weapons Level 1  
  90  8:05  Hellion x2  
  94  8:14  Supply Depot x2  
  94  8:16  Supply Depot  
  94  8:19  Supply Depot  
  94  8:36  Siege Tank  
  94  8:50  Missile Turret  
  94  8:52  Supply Depot, Missile Turret  
  94  8:53  Supply Depot x2  
  94  9:08  Siege Tank  
  97  9:30  Starport Reactor  
  97  9:32  Thor  
  97  9:36  Hellbat  
  97  9:37  Hellbat  
  107  9:39  Supply Depot  
  107  9:40  Supply Depot, Siege Tank  
  107  9:44  Supply Depot  
  110  9:58  Hellion, Hellbat  
  113  10:03  Command Center  
  113  10:05  Command Center, Missile Turret  
  111  10:12  Siege Tank  
  113  10:15  Viking, Siege Tank  
  113  10:16  Viking  
  120  10:44  Siege Tank  
  119  11:03  Siege Tank  
  122  11:04  Viking x2  
  126  11:53  Command Center  
  124  11:59  Command Center  
  124  12:32  Hellion x5  
  124  12:33  Planetary Fortress  
  124  12:38  Missile Turret  
  124  12:55  Refinery  
  124  13:03  Missile Turret  
  124  13:10  Missile Turret  
  124  13:15  Planetary Fortress  
  124  13:24  Sensor Tower  
  124  13:29  Missile Turret  
  123  13:41  Siege Tank x2, Hellbat x2  
  122  14:05  Missile Turret  
  122  14:06  Missile Turret  
  122  14:09  Missile Turret  
  122  14:10  Hellbat  
  122  14:11  Hellbat  
  122  14:13  Siege Tank x2  
  122  14:15  Medivac x2  
  136  14:23  Terran Vehicle Weapons Level 2  
  136  14:29  Refinery  
  136  14:32  Hellbat x2  
  138  14:45  Siege Tank x2, Medivac x2  
  145  14:53  Hellbat x2  
  139  15:15  Hellion x2  
  139  15:16  Viking x2  
  139  15:18  Hellion, Hellbat, Marine x3  
  121  15:36  Hellion, Hellbat, Marine x3  
  128  15:46  Viking x2  
  132  15:53  Marine  
  133  16:10  Refinery  
  133  16:16  Viking  
  133  16:17  Command Center, Missile Turret  
  133  16:18  Missile Turret  
  135  16:35  Hi-Sec Auto Tracking  
  135  16:38  Refinery  
  134  16:43  Armory  
  134  16:59  Command Center  
  128  17:14  Hellion x4  
  128  17:22  Thor, Siege Tank  
  137  17:23  Hellbat x2  
  137  17:24  Viking x2  
  145  17:32  Building Armor  
  145  17:34  Sensor Tower  
  145  17:44  Hellbat x2  
  149  17:52  Terran Vehicle And Ship Armor Level 1, Terran Vehicle Weapons Level 3  
  149  17:54  Missile Turret, Medivac x2  
  149  17:55  Hellbat  
  155  18:04  Thor  
  157  18:15  Thor  
  159  18:23  Hellion x2  
  129  18:44  Hellbat  
  129  18:47  Thor  
  103  18:58  Siege Tank  
  104  19:05  Planetary Fortress  
  104  19:30  Siege Tank  
  104  19:31  Siege Tank  
  109  19:45  Hellbat x2  
  111  19:46  Terran Ship Weapons Level 1  
  111  20:02  Siege Tank  
  111  20:03  Siege Tank  
  111  20:04  Command Center  
  111  20:06  SCV x2, Hellbat  
  111  20:07  SCV x2  
  123  20:10  Refinery  
  123  20:11  Refinery  
  123  20:17  Missile Turret  
  123  20:18  SCV x2  
  123  20:19  Missile Turret  
  125  20:23  Missile Turret  
  125  20:35  Siege Tank x2  
  131  20:36  Hellbat x2  
  125  20:57  Hellbat x2  
  129  21:07  Siege Tank x2  
  137  21:18  Hellbat  
  137  21:19  Hellbat  
  139  21:32  Planetary Fortress  
  139  21:37  Missile Turret  
  139  21:39  Siege Tank x2  
  147  21:40  Hellbat x2  
  149  21:58  Missile Turret  
  143  22:01  Hellion, Hellbat  
  143  22:05  Terran Ship Weapons Level 2, Terran Vehicle And Ship Armor Level 2  
  145  22:11  Hellion x2  
  148  22:16  SCV  
  148  22:17  SCV x3  
  148  22:18  Missile Turret  
  156  22:23  Command Center, Hellion, Hellbat  
  140  22:32  Missile Turret, Hellbat  
  123  23:07  Liberator x2  
  123  23:20  Thor  
  123  23:21  Thor  
  139  24:07  Viking x2  
  118  24:27  Hellion x3  
  115  24:37  Viking, Medivac  
  119  24:40  Thor x2, Hellbat x2  
  135  24:57  Orbital Command  
  131  25:23  Thor x2  
  141  25:44  Orbital Command  
  141  25:57  Viking  
  141  25:58  Viking  
  145  26:04  Hellion x3  
  145  26:06  Thor, Siege Tank  
  154  26:13  Hellion, Hellbat  
  158  26:32  Refinery  
  158  26:35  Hellbat x2  
  158  26:38  Siege Tank  
  165  26:49  Siege Tank  
  168  26:56  Hellbat  
  170  27:50  Hellion  
  147  28:00  Refinery  
  128  28:13  SCV x2  
  130  28:25  SCV  
  130  28:26  SCV  
  132  28:36  Command Center  
  132  28:37  SCV  
  132  28:38  SCV  
  110  29:13  SCV x2  
  108  29:25  SCV x2  
  114  29:31  Thor, Hellbat x3  
  114  29:37  SCV  
  119  29:41  Refinery  
  119  29:43  Refinery  
  112  29:48  Missile Turret  
  112  29:49  SCV  
  110  29:53  Siege Tank  
  110  30:01  SCV  
  104  30:22  Missile Turret  
Tags
 
Add a new tag
Caveats
  • Supply blocks, unpowered buildings, or Contaminate may cause inaccurate times.
  • Supply counts are checked every 10 seconds.